 Dungeon Crawl Stone Soup version 0.25-a0-317-g5f8687bca5 (webtiles) character file.

Game seed: 18184183113300803611, levelgen mode: deterministic

37 DerDa the Charlatan (level 3, -1/23 HPs)
             Began as an Octopode Artificer on Dec 27, 2019.
             Slain by a worm (8 damage)
             ... on level 3 of the Dungeon.
             The game lasted 00:01:44 (631 turns).

DerDa the Charlatan (Octopode Artificer)             Turns: 631, Time: 00:01:45

Health: -1/23      AC:  1    Str: 12    XL:     3   Next: 39%
Magic:  6/6        EV: 13    Int: 13    God:
Gold:   45         SH:  0    Dex: 12    Spells: 2/2 levels left

rFire    . . .     SeeInvis .   a - +0 short sword
rCold    . . .     Gourm    .   (no shield)
rNeg     . . .     Faith    .   (helmet restricted)
rPois    .         Spirit   .   (no amulet)
rElec    .         Reflect  .   (no ring)
rCorr    .         Harm     .   (no ring)
MR       .....                  (no ring)
Stlth    +++.......             (no ring)
HPRegen  0.07/turn              (no ring)
MPRegen  0.10/turn              (no ring)
                                (no ring)
                                (no ring)

@: no status effects
A: almost no armour, stealthy swim, amphibious, 8 rings, constrict 8, camouflage
1, gelatinous body 1
a: no special abilities


You were on level 3 of the Dungeon.
You were not hungry.

You visited 1 branch of the dungeon, and saw 3 of its levels.

You collected 45 gold pieces.

Inventory:

Hand Weapons
 a - a +0 short sword (weapon)
Wands
 b - a wand of flame (15)
 c - a wand of enslavement (15)
 d - a wand of random effects (15)
Scrolls
 g - a scroll of immolation {unknown}
 h - 3 scrolls of identify {unknown}
 i - a scroll of fear {unknown}
Potions
 e - 2 potions of brilliance {unknown}
Comestibles
 f - 5 rations


   Skills:
 + Level 1.1 Fighting
 + Level 1.1 Short Blades
 + Level 2.2 Dodging
 + Level 1.6 Stealth
 + Level 4.4 Evocations


You had 2 spell levels left.
You didn't know any spells.
Your spell library contained the following spells:

 Spells                   Type           Power        Failure   Level  Hunger
 Magic Dart               Conj           #...         30%         1    ##.....
 Blink                    Tloc           N/A          43%         2    ###....
 Call Imp                 Summ           #.......     43%         2    ###....
 Slow                     Hex            #.......     43%         2    ###....
 Conjure Flame            Conj/Fire      #.......     67%         3    ####...
 Mephitic Cloud           Conj/Pois/Air  #.......     67%         3    ####...


Dungeon Overview and Level Annotations

Branches:
Dungeon (3/15)

Altars:


Innate Abilities, Weirdness & Mutations

You cannot wear most types of armour.
You are very stealthy in the water. (Stealth+)
You are amphibious.
You can wear up to eight rings at the same time.
You can use your tentacles to constrict eight enemies at once.
Your skin changes colour to match your surroundings (Stealth+).
Your rubbery body absorbs attacks. (AC +1, EV +1)


Message History

You are too injured to fight recklessly!
You are too injured to fight recklessly!
Unknown command.
You are too injured to fight recklessly!
You are too injured to fight recklessly!
You closely miss the hobgoblin. You grab the hobgoblin.
You squeeze the hobgoblin, but do no damage.
You constrict the hobgoblin, but do no damage.
The hobgoblin barely misses you. The hobgoblin hits you with a +0 club.
You hit the hobgoblin. Your squeeze misses the hobgoblin.
The hobgoblin is heavily wounded.
You constrict the hobgoblin, but do no damage.
The hobgoblin barely misses you.
The hobgoblin hits you but does no damage.
You hit the hobgoblin but do no damage.
You squeeze the hobgoblin, but do no damage.
The hobgoblin is heavily wounded.
You constrict the hobgoblin. The hobgoblin barely misses you.
The worm bites you!
You die...

.. #.# #.# #.#
########## #).#
#.###........# ...
.............# .####..
###.###........# .......
..............#
......w####.###....(...#
......g@......†.........
......gg###.###........#
........# #+# #........#
........# #.......)#
........# #........#
......... ##########
....####. #### .


You could see a worm, 2 hobgoblins and a goblin.

Vanquished Creatures
  A gnoll (D:1)
  A dart slug (D:1)
  2 leopard geckos (D:1)
  4 goblins
  6 hobgoblins
  A kobold (D:1)
  4 bats
  2 frilled lizards (D:1)
  A rat (D:3)
22 creatures vanquished.

Notes
Turn   | Place    | Note
-------+----------+-------------------------------------------
     0 | D:1      | DerDa the Octopode Artificer began the quest for the Orb.
     0 | D:1      | Reached XP level 1. HP: 13/13 MP: 3/3
    31 | D:1      | Reached XP level 2. HP: 18/18 MP: 4/4
   146 | D:1      | Reached skill level 4 in Evocations
   251 | D:1      | Reached XP level 3. HP: 11/23 MP: 6/6
   259 | D:1      | HP: 1/23 [hobgoblin (1)]
   328 | D:1      | HP: 1/23 [hobgoblin (3)]
   631 | D:3      | Slain by a worm

Levels and vault maps discovered:
D:1:      dpeg_arrival_round_a, layout_loops_cross
D:2:      layout_loops_ring, first_ration, kennysheep_doodads
D:3:      layout_basic

Skill      XL: |  1  2 |
---------------+-------+-----
Evocations     | 4 |  4.4
Fighting       | |  1.1
Short Blades   | |  1.1
Dodging        | |  2.2
Stealth        | |  1.6

Action                   || total
-------------------------++-------
Melee: Short sword       ||    45
       Constrict         ||    14
       Tentacles         ||    13
 Stab: Sleeping          ||     2
Armor: Skin              ||    10
Dodge: Dodged            ||    47

Table legend:
 A = Non-vault XP
 B = Vault XP
 C = Vault XP percentage of total XP
 D = Non-vault monster count
 E = Vault monster count
 F = Vault count percentage of total count
                 A         B        C        D         E       F
            +---------+---------+-------+---------+---------+-------
      Total |      53 |       0 |   0.0 |      22 |       0 |   0.0
            +---------+---------+-------+---------+---------+-------
        D:1 |      46 |       0 |   0.0 |      17 |       0 |   0.0
        D:2 |       3 |       0 |   0.0 |       2 |       0 |   0.0
        D:3 |       4 |       0 |   0.0 |       3 |       0 |   0.0
            +---------+---------+-------+---------+---------+-------
